 Dungeon Sprint DCSS version 0.31-a0-728-g01b46875f1 (webtiles) character file.

Game seed: 8790485131576903401

210 sircluck the Ruffian (level 5, -7/88 HPs)
             Began as a Troll Berserker on Sept 11, 2023.
             Was a Follower of Trog.
             Mangled by an orc warrior
             ... wielding a +0 trident
             ... led by an orc knight
              (17 damage)
             ... in the Dungeon (Sprint VII: "The Pits").
             The game lasted 00:00:13 (33 turns).

sircluck the Ruffian (Troll Berserker)                Turns: 33, Time: 00:00:14

Health: -7/88      AC:  4    Str: 27    XL:     5   Next: 56%
Magic:  4/4        EV: 11    Int:  3    God:    Trog [*.....]
Gold:   0          SH:  0    Dex:  9    Spells: 4/4 levels left

rFire   . .          .
                       - Unarmed
rCold   . . .        (no shield)
rNeg    . . .        a - +0 animal skin
rPois   .            (helmet restricted)
rElec   .            (no cloak)
rCorr   .            (gloves unavailable)
SInv    .            (boots unavailable)
Will    .....        (no amulet) Stlth
                     (no ring)
HPRegen 1.14/turn    (no ring)
MPRegen 0.09/turn

%: no teleportation
@: berserking (expiring), mesmerised, very quick
A: large, unfitting armour, claws 3, regeneration 1, shaggy fur 1, tough skin 1
a: Renounce Religion, Berserk


You were in the Dungeon.
You worshipped Trog.
Trog was aware of your devotion.
You visited 1 branch

Inventory:

Armour
 a - a +0 animal skin (worn)
Scrolls
 g - a scroll of blinking
Potions
 b - a potion of curing
 c - a potion of heal wounds
 d - a potion of haste
 e - 2 potions of magic
 f - a potion of berserk rage


   Skills:
 + Level 6.1 Fighting
 + Level 6.1 Dodging
 + Level 7.3 Unarmed Combat


You had 4 spell levels left.
You didn't know any spells.
Your spell library was empty.

Dungeon Overview and Level Annotations

Branches:
Dungeon (1/1)

Altars:


Innate Abilities, Weirdness & Mutations

You are too large for most types of armour.
You have claws for hands.
Your natural rate of healing is unusually fast.
You are covered in fur. (AC +1)
You have tough skin. (AC +1)


Message History

You claw the orc warrior!
The orc warrior is moderately wounded.
You mangle the orc warrior!!
You kill the orc warrior!
Trog accepts your kill.
The ufetubus hits you but does no damage.
The ufetubus closely misses you.
The merfolk avatar chants a haunting song.
You are mesmerised by the merfolk avatar!
Your Fighting skill increases to level 6!
Your Dodging skill increases to level 6!
Your Unarmed Combat skill increases to level 7!
You have reached level 5!
Unknown command.
Unknown command.
You scratch the orc knight.
The orc knight is lightly wounded.
The ufetubus completely misses you. The ufetubus closely misses you.
The orc knight hits you with a +0 war axe!
You mangle the orc knight!! Your claw misses the orc knight.
The orc knight is heavily wounded.
The ufetubus hits you. x2
The merfolk avatar chants its luring song.
You claw the orc knight! Your claw misses the orc knight.
The orc knight is heavily wounded.
The ufetubus barely misses you. x2
The orc warrior hits you from afar with a +0 trident!
* * * LOW HITPOINT WARNING * * *
The orc knight hits you with a +0 war axe!
* * * LOW HITPOINT WARNING * * *
You closely miss the orc knight.
The orc knight is heavily wounded.
The merfolk avatar chants its luring song.
The ufetubus hits you but does no damage.
The ufetubus hits you.
* * * LOW HITPOINT WARNING * * *
You barely miss the orc knight. Your claw misses the orc knight.
The orc knight is heavily wounded.
The orc warrior hits you from afar with a +0 trident!
You die...

#................#
####'#####''######
#.......##''#
#.......##..#
#.......##..#
#...<...##..# #
#.......##..# .###
#.......##..#o...##
#.......##.@oo....#
##########..5o....+
#..m.....#
#..#....##
#..#..### #..####
#..# #..#


You could see a merfolk avatar (mesmerising), an orc knight, an orc warrior
(strong), 2 orcs and an ufetubus.

Vanquished Creatures
  A warg (D)
  An orc warrior (D)
2 creatures vanquished.

Notes
Turn   | Place    | Note
-------+----------+-------------------------------------------
     0 | D        | sircluck the Troll Berserker began the quest for the Orb.
     0 | D        | Reached XP level 1. HP: 22/22 MP: 0/0
    21 | D        | Noticed an orc knight
    21 | D        | Noticed a warg
    21 | D        | Noticed an orc warrior
    21 | D        | Noticed an orc warrior
    21 | D        | Noticed a merfolk avatar
    26 | D        | Killed a warg
    27 | D        | Reached skill level 5 in Fighting
    27 | D        | Reached skill level 5 in Dodging
    27 | D        | Reached skill level 6 in Unarmed Combat
    27 | D        | Reached XP level 2. HP: 30/35 MP: 1/1
    27 | D        | Reached XP level 3. HP: 37/42 MP: 2/2
    27 | D        | Reached XP level 4. HP: 44/50 MP: 3/3
    28 | D        | Killed an orc warrior
    29 | D        | Reached skill level 7 in Unarmed Combat
    29 | D        | Reached XP level 5. HP: 53/59 MP: 4/4
    33 | D        | Mangled by an orc warrior

Illustrated notes

Levels and vault maps discovered:
D:        pitsprint [storerooms_1, entrance_room_1, metal_vault_1, armoury_1,
          mini_pit_1, grid_room_1, main_hall_1, silver_pit, the_coven_1,
          the_vestibule_1, steel_vault_1, golden_pit, hallway_of_sentries,
          crystal_vault_1, iron_vault_4, final_vault]

Skill      XL: |  1  2  3  4 |
---------------+-------------+-----
Fighting       | 5 6 |  6.1
Dodging        | 5 6 |  6.1
Unarmed Combat | 6 7 |  7.3

Action                     |  1- 3 |  4- 6 || total
---------------------------+-------+-------++-------
  Melee: Unarmed           |     2 |     7 ||     9
 Invoke: Berserk           |     1 |       ||     1
 Armour: Animal skin       |     2 |     9 ||    11
  Dodge: Dodged            |     4 |     5 ||     9

Table legend: (Time is in decaauts)
 A = Elapsed time spent in this place.
 B = Non-inter-level travel time spent in this place.
 C = Inter-level travel time spent in this place.
 D = Time resting spent in this place.
 E = Time spent auto-exploring this place.
 F = Levels seen in this place.
 G = Mean time per level.
                   A        B        C        D        E       F      G
               +--------+--------+--------+--------+--------+-----+--------+
         Total |     29 |     29 |      0 |      0 |     21 |   1 |   29.0 |
       Dungeon |     29 |     29 |      0 |      0 |     21 |   1 |   29.0 |
               +--------+--------+--------+--------+--------+-----+--------+

Top non-repeatable levels by time:
       D: 29 daAuts
